 Dungeon Crawl Stone Soup version 0.28.0-53-g5a82cb258f (webtiles) character file.

Game seed: 12413012697048197042

11 Descartes the Sneak (level 2, -4/12 HPs)
             Began as a Felid Wanderer on July 11, 2022.
             Slain by a gnoll
             ... wielding a +0 flail
              (11 damage)
             ... on level 1 of the Dungeon.
             The game lasted 00:01:27 (735 turns).

Descartes the Sneak (Felid Wanderer)                 Turns: 735, Time: 00:01:28

Health: -4/12      AC:  1    Str:  7    XL:     2   Next: 13%
Magic:  4/4        EV: 16    Int: 14    God:
Gold:   0          SH:  0    Dex: 15    Spells: 2/3 levels left
                                        Lives:  0   Deaths: 0

rFire   . . .      SeeInvis +   (weapon unavailable)
rCold   . . .      Faith    .   (shield unavailable)
rNeg    . . .      Spirit   .   (armour unavailable)
rPois   .          Reflect  .   (helmet unavailable)
rElec   .          Harm     .   (cloak unavailable)
rCorr   .          Rampage  .   (gloves unavailable)
Will    .....                   (boots unavailable)
Stlth   +++.......              (no amulet)
HPRegen 0.04/turn               (no ring)
MPRegen 0.09/turn               (no ring)

@: quick
A: very small, claws 1, fangs 3, see invisible, speed 1, shaggy fur 1, stealthy
paws, no weapons or thrown items, no armour, multi-lived
a: no special abilities


You were on level 1 of the Dungeon.
You visited 1 branch of the dungeon, and saw 1 of its levels.

Inventory:

Wands
 b - a wand of polymorph (6)
Scrolls
 a - a scroll of summoning
 c - a scroll of identify {unknown}


   Skills:
 - Level 1.0 Fighting
 + Level 1.1 Dodging
 * Level 7.0 Stealth
 + Level 0.6 Unarmed Combat
 - Level 1.0 Spellcasting
 - Level 3.0 Hexes
 - Level 1.1 Evocations


You had 2 spell levels left.
You knew the following spells:

 Your Spells              Type           Power      Damage    Failure   Level
a - Slow                  Hex            36%        N/A       8%          1

Your spell library contained the following spells:

 Spells                   Type           Power      Damage    Failure   Level
 Inner Flame              Hex/Fire       4%         N/A       38%         3


Dungeon Overview and Level Annotations

Branches:
Dungeon (1/15)

Altars:

Shops:
D:1 !


Innate Abilities, Weirdness & Mutations

You have sharp claws.
You have razor-sharp teeth.
You have supernaturally acute eyesight. (SInv)
You cover ground quickly. (Speed+)
You are covered in fur. (AC +1)
Your paws help you pounce on unaware monsters.
You are incapable of wielding weapons or throwing items.
You cannot wear armour.
You gain extra lives every three experience levels.


Message History

The jackal is almost dead.
The jackal barely misses you.
You scratch the jackal but do no damage.
The jackal is almost dead.
The jackal misses you.
The jackal bites you but does no damage.
You scratch the jackal.
You kill the jackal!
Your Stealth skill increases to level 7!
No target in view!
No target in view!
No target in view!
No target in view!
No target in view!
No target in view!
No target in view!
No target in view!
No target in view!
No target in view!
No target in view!
A gnoll comes into view. It is wielding a +0 flail.
The gnoll shouts!
The gnoll closely misses you.
You scratch the gnoll but do no damage. The gnoll completely misses you.
You barely miss the gnoll. The gnoll closely misses you.
You completely miss the gnoll. The gnoll hits you with a +0 flail.
You scratch the gnoll.
The gnoll is lightly wounded.
The gnoll completely misses you.
You scratch the gnoll.
The gnoll is heavily wounded.
The gnoll barely misses you.
You closely miss the gnoll. You claw the gnoll.
The gnoll is heavily wounded.
The gnoll barely misses you.
You scratch the gnoll.
The gnoll is heavily wounded.
The gnoll hits you with a +0 flail!
Ouch! That really hurt!
You die...

# #.....♣
####.##.....♣
..........#.♣
####.##.###.♣♣
#.##.# #..♣♣
#.##.# ##..♣♣
#.##.# ##..♣♣
.## #.##.#
##..♣♣♣.....
####.##.#
##.@g..#
........#
#######
#########


You could see a gnoll.

Vanquished Creatures
  A ball python (D:1)
  A goblin (D:1)
  4 jackals (D:1)
  A bat (D:1)
  3 rats (D:1)
10 creatures vanquished.

Notes
Turn   | Place    | Note
-------+----------+-------------------------------------------
     0 | D:1      | Descartes the Felid Wanderer began the quest for the Orb.
     0 | D:1      | Descartes set off with the following items: a scroll of
                  | summoning, a wand of polymorph (6); and the following spell
                  | memorised: Slow; and the following spells available to
                  | memorise: Inner Flame
     0 | D:1      | Reached XP level 1. HP: 9/9 MP: 3/3
    94 | D:1      | Found Haechi's Distillery.
   398 | D:1      | Reached skill level 1 in Dodging
   398 | D:1      | Reached XP level 2. HP: 1/12 MP: 4/4
   685 | D:1      | Reached skill level 7 in Stealth
   735 | D:1      | Slain by a gnoll

Illustrated notes

Levels and vault maps discovered:
D:1:      dpeg_arrival_brainrot, layout_loops_ring,
          dilly_ecumenical_altar_fadedgnrine, serial_shops,
          nicolae_shop_hallway_plus, minmay_misc_feat_x, wad_floor_pattern_1

Skill      XL: |  1  2 |
---------------+-------+-----
Dodging        | 1 |  1.1
Stealth        | 7 |  7.0
Fighting       | |  1.0
Unarmed Combat | |  0.6
Spellcasting   | |  1.0
Hexes          | |  3.0
Evocations     | |  1.1

Action                   || total
-------------------------++-------
Melee: Unarmed           ||    34
       Punch             ||     1
       Bite              ||     1
 Stab: Sleeping          ||     3
Armor: Skin              ||     3
Dodge: Dodged            ||    25
